AoeStats
← stanley177777

Black Forest

509594613Analyzed
2v2 RM · 5d ago on Sep 27, 2026· 51m 25s· 4 players
Game mode
Random Map
Map size
Medium (4 player)
Population
200
Speed
Normal
Resources
Standard
Victory
Conquest
Starting age
Dark Age
Ending age
Imperial Age
RankedLock teamsTeams togetherTeam positionsShared explorationLock speedFull tech treeHidden civsTurbo modeCheats
Victory
Defeat
🇳🇱 Armenians · Netherlands
1053
+14
🇹🇼 Burgundians · Taiwan
1024
+15
🇹🇼 Britons · Taiwan
1028
-15
🇺🇸 Khmer · United States
985
-14
stanley177777
9:15 Double-Bit Axe
13:11 Feudal Age
21:32 Castle Age
21:10 Bow Saw
20:43 Horse Collar
22:47 Stone Mining
22:51 Gold Mining
27:25 Wheelbarrow
26:36 Loom
27:31 Fishing Lines
28:59 Two-Man Saw
28:02 Heavy Plow
29:21 Stone Shaft Mining
29:21 Gold Shaft Mining
30:20 Hand Cart
30:45 Forging
31:04 Scale Barding Armor
33:36 Crop Rotation
32:51 Treadmill Crane
33:27 Fortified Wall
34:22 Gillnets
34:29 Gillnets
34:42 Husbandry
34:03 Cavalier
36:11 Caravan
38:12 Gold Shaft Mining
43:36 Imperial Age
43:43 Chain Barding Armor
43:59 Iron Casting
44:23 Onager
45:40 Plate Barding Armor
45:38 Masonry
45:23 Paladin
47:41 Blast Furnace
De_Profeet
12:32 Feudal Age
12:53 Man-at-Arms
14:09 Scale Mail Armor
13:34 Long Swordsman
16:09 Horse Collar
16:16 Double-Bit Axe
19:48 Gold Mining
20:52 Stone Mining
23:19 Castle Age
23:52 Wheelbarrow
23:21 Two-Handed Swordsman
23:47 Gambesons
27:02 Chain Mail Armor
26:10 Champion
28:25 Bow Saw
30:57 Loom
34:51 Imperial Age
35:31 Heavy Plow
36:40 Forging
36:21 Fletching
36:31 Padded Archer Armor
37:01 Plate Mail Armor
36:04 Elite Composite Bowman
38:14 Hand Cart
38:38 Iron Casting
37:58 Bodkin Arrow
37:35 Crossbowman
43:05 Blast Furnace
42:05 Bracer
42:21 Leather Archer Armor
44:58 Capped Ram
46:08 Siege Ram
48:26 Ring Archer Armor
48:22 Ballistics
49:12 Onager
stickysushi
11:11 Feudal Age
17:19 Castle Age
16:11 Horse Collar
16:18 Double-Bit Axe
17:46 Stone Mining
18:52 Bow Saw
18:37 Stone Mining
18:48 Heavy Plow
20:34 Fletching
23:19 Gold Mining
23:44 Bodkin Arrow
24:45 Padded Archer Armor
25:32 Elite Skirmisher
26:59 Town Watch
28:08 Crossbowman
31:31 Imperial Age
28:50 Loom
29:35 Ballistics
31:02 Wheelbarrow
30:31 Town Patrol
30:32 Heavy Plow
31:31 Yeomen
31:52 Fortified Wall
31:23 Treadmill Crane
32:21 Gold Shaft Mining
33:16 Conscription
34:38 Chemistry
33:34 Murder Holes
35:04 Hand Cart
35:05 Arbalester
35:49 Bracer
37:34 Two-Man Saw
37:29 Leather Archer Armor
38:11 Husbandry
39:53 Ring Archer Armor
39:30 Scale Barding Armor
39:38 Forging
39:01 Light Cavalry
41:35 Warwolf
43:08 Elite Longbowman
44:57 Chain Barding Armor
45:12 Iron Casting
lineric1995
0:27 Loom
12:26 Feudal Age
12:55 Fishing Lines
13:02 Double-Bit Axe
12:59 Horse Collar
17:13 Gold Mining
21:16 Wheelbarrow
32:57 Castle Age
33:52 Bow Saw
34:37 Heavy Plow
36:56 Gold Shaft Mining
39:47 Imperial Age
38:22 Caravan
41:05 Crop Rotation
44:39 Hand Cart
44:48 Bloodlines
44:40 Husbandry
44:02 Light Cavalry
46:30 Hussar
48:36 Scale Barding Armor
Connection lost

Rejoining the realm…

Still unreachable

The connection could not be restored.

Session expired

The server has moved on; the page needs a fresh start.